[Event "Early-Titled-Tuesday-Blitz-October-03-2023"]
[Site "Chess.com"]
[Date "2023.10.03"]
[Round "3"]
[White "ArtemDyachuk"]
[Black "Fandorine"]
[Result "0-1"]
[WhiteElo "2684"]
[BlackElo "2929"]
[TimeControl "180+1"]
[EndTime "8:29:14 PDT"]
[Termination "Fandorine won by checkmate"]

1. e4 g6 2. d4 Bg7 3. Nc3 d6 4. Be3 a6 5. Qd2 b5 6. a4 b4 7. Nd1 a5 8. c3 Nf6 9. f3 O-O 10. Bd3 Ba6 11. Nf2 c5 12. Bxa6 bxc3 13. bxc3 cxd4 14.
cxd4 Nxa6 15. Ne2 Nb4 16. O-O Qb6 17. Ng3 Rac8 18. Rfc1 Qa6 19. h4 Rxc1+ 20. Rxc1 Rc8 21. h5 Nxh5 22. Nxh5 gxh5 23. Bh6 f6 24. Bxg7 Kxg7 25. Rxc8 Qxc8 26. Qf4 Qc2 27. Qg3+ Kf7 28. Qh3 Qc1+ 29. Kh2 Qf4+ 30. Kg1 h4 31. Qc8 Qe3 32. Qc4+ d5 33.
exd5 Qe1+ 34. Kh2 Qxf2 35. d6+ Kg7 36. d7 Qg3+ 37. Kh1 h3 38. Qe2 Nc6 39. d5 Qxg2+ 40. Qxg2+ hxg2+ 41. Kg1 Nd8 42. d6 exd6 43. f4 Kf7 44. f5 Ke7 45. Kxg2 Kxd7 46. Kg3 Kc6 47. Kh4 Nf7 48. Kh5 Kd5 49. Kh4 Kc4 50. Kh5 Kb4 51. Kh4 Kxa4 52. Kh5 Kb4 53. Kh4 Kc4 54. Kh5 Kd5 55.
Kh4 Ke5 56. Kh5 Kxf5 57. Kh4 a4 58. Kh5 a3 59. Kh4 a2 60. Kh5 a1=Q 61. Kh4 Qg1 62.
Kh5 Qh1# 0-1

[Event "Early-Titled-Tuesday-Blitz-October-03-2023"]
[Site "Chess.com"]
[Date "2023.10.03"]
[Round "3"]
[White "ljuks68"]
[Black "jerry_77"]
[Result "1-0"]
[WhiteElo "2441"]
[BlackElo "2603"]
[TimeControl "180+1"]
[EndTime "8:29:14 PDT"]
[Termination "ljuks68 won on time"]

1. e4 c6 2. d4 d5 3. e5 c5 4.
Nf3 Nc6 5. c4 e6 6. Nc3 cxd4 7. Nxd4 Bb4 8. Nxc6 bxc6 9. Qa4 Bxc3+ 10. bxc3 Bd7 11. Bd3 Ne7 12. Ba3 O-O 13. Bd6 f6 14. c5 fxe5 15. Bxe5 Nf5 16. O-O Qg5 17. f4 Qd8 18. Rab1 Be8 19. Rb7 Rf7 20. Rxf7 Bxf7 21. Qxc6 Rc8 22. Qb5 Qe7 23. Bxf5 exf5 24. c6 Qe8 25.
Qb7 Qxc6 26. Qxa7 h6 27. Rb1 Qg6 28. a4 d4 29. Qxd4 Qc6 30. a5 Bc4 31. Qb6 Qe4 32. Qb7 Qe3+ 33. Kh1 Bf7 34. Qxc8+ Kh7 35. Qxf5+ Bg6 36.
Qd7 Qxe5 37. fxe5 Bxb1 38. e6 Bf5 39. a6 h5 40. a7 h4 41. a8=Q h3 42. Qf3 hxg2+ 43.
Qxg2 Bg6 44. Qh3+ Kg8 45. Qd8+ 1-0

[Event "Early-Titled-Tuesday-Blitz-October-03-2023"]
[Site "Chess.com"]
[Date "2023.10.03"]
[Round "3"]
[White "spotbet"]
[Black "disciplinedbrat"]
[Result "1/2-1/2"]
[WhiteElo "2432"]
[BlackElo "2224"]
[TimeControl "180+1"]
[EndTime "8:29:14 PDT"]
[Termination "Game drawn - insufficient material"]

1. e4 e6 2. d4 d5 3. Nc3 Nf6 4. exd5 exd5 5. Bf4 Bd6 6. Qd2 O-O 7. O-O-O a6 8. f3 b5 9. g4 b4 10. Nb1 a5 11. h4 Re8 12. h5 Nc6 13. g5 b3 14.
cxb3 Nb4 15. Nc3 Nd7 16. Bxd6 cxd6 17. Bb5 Qb6 18. Kb1 a4 19. bxa4 Ba6 20. b3 Bxb5 21. Nxb5 Nc6 22. Nh3 Na7 23. Nxa7 Rxa7 24. Nf4 Rxa4 25.
Nxd5 Qb7 26. Nc3 Rb4 27. Rhe1 Rb8 28. Qc2 Nb6 29. Ka1 Ra8 30. Re3 Rc8 31. Rde1 Qa8 32.
Qd2 Rxb3 33. Re8+ Rxe8 34. Rxe8+ Qxe8 35. axb3 Qa8+ 36. Kb2 Qxf3 37. Qe2 Qa8 38. Qe7 Qb8 39. Nb5 h6 40. Qxd6 Qxd6 41. Nxd6 hxg5 42. Kc3 Nd5+ 43. Kc4 Ne3+ 44. Kd3 Nd5 45. Ke4 Nf6+ 46. Kf5 Nxh5 47. Kxg5 Nf6 48. b4 Kf8 49. b5 Nd5 50. Kf5 Ke7 51. Nc4 Kd7 52. Ke5 Nc7 53. b6 Ne6 54.
Nd6 f6+ 55. Kd5 Nd8 56. Ne4 f5 57. Nc5+ Kc8 58. Ke5 g6 59. Kf6 f4 60. Kxg6 f3 61. Nd3 Kb7 62. Kf6 Kxb6 63. Ke5 Nc6+ 64. Ke4 Nxd4 65.
Kxd4 f2 66. Nxf2 1/2-1/2

[Event "Early-Titled-Tuesday-Blitz-October-03-2023"]
[Site "Chess.com"]
[Date "2023.10.03"]
[Round "3"]
[White "Gurvich_Vitaly"]
[Black "ErikRonka"]
[Result "1-0"]
[WhiteElo "2733"]
[BlackElo "2480"]
[TimeControl "180+1"]
[EndTime "8:29:15 PDT"]
[Termination "Gurvich_Vitaly won on time"]

1. e4 c5 2. Nf3 e6 3. d4 cxd4 4.
Nxd4 Nf6 5. Nc3 d6 6. g4 h6 7.
Rg1 Nc6 8. Be3 Be7 9. h4 d5 10. exd5 Nxd5 11. Nxd5 Qxd5 12. Nb5 Qe5 13. g5 hxg5 14.
hxg5 a6 15. Nd4 Bd7 16. Qg4 Qa5+ 17. c3 O-O-O 18. Nb3 Qc7 19. O-O-O Ne5 20. Qf4 Bc6 21. Be2 Bd6 22. Qd4 Nf3 23. Bxf3 Bxf3 24. Rd2 Bh2 25. Qa7 Bxg1 26. Nc5 Rxd2 27. Kxd2 Rd8+ 28. Kc1 Qb8 29. Qb6 Rd6 30. Qb4 Qc7 31. a4 Rc6 32. Nd3 Rd6 33. Bf4 Bd5 34. Bxd6 Qxd6 35. Qxd6 Bh2 36. Qf8+ Kd7 37.
Qxf7+ Kd6 38. Qxg7 1-0

[Event "Early-Titled-Tuesday-Blitz-October-03-2023"]
[Site "Chess.com"]
[Date "2023.10.03"]
[Round "3"]
[White "jasonbolivar"]
[Black "becemix"]
[Result "0-1"]
[WhiteElo "2253"]
[BlackElo "2510"]
[TimeControl "180+1"]
[EndTime "8:29:16 PDT"]
[Termination "becemix won on time"]

1. e4 c5 2. Nc3 Nc6 3. g4 e5 4.
d3 Bd6 5. Bg2 Nge7 6. Nh3 Bc7 7.
O-O O-O 8. f4 exf4 9. Nxf4 Bxf4 10. Bxf4 d6 11. h3 Ng6 12. Bg3 Be6 13. Ne2 d5 14.
Nc3 d4 15. Ne2 Nce5 16. b3 a5 17. a4 Qe7 18. Nf4 Nxf4 19. Bxf4 Ng6 20. Bg3 Bd7 21.
Qe1 b6 22. Kh1 Rae8 23. Qf2 Ne5 24. Rae1 f6 25. Bf4 h6 26. Qg3 Kh7 27. Re2 g5 28.
Bd2 Ng6 29. Ref2 Kg7 30. Bf3 Qe5 31. Kg2 Nh4+ 32. Kh2 h5 33. Qxe5 Rxe5 34. gxh5 Nxf3+ 35. Rxf3 Re6 36. Bxg5 Rf7 37. h4 Be8 38. h6+ Kg6 39. Be3 Kh7 40. Bd2 Bc6 41. Rg1 Ree7 42. Rfg3 f5 43.
Rg7+ Rxg7 44. Rxg7+ Rxg7 45. hxg7 fxe4 0-1

[Event "Early-Titled-Tuesday-Blitz-October-03-2023"]
[Site "Chess.com"]
[Date "2023.10.03"]
[Round "3"]
[White "BashirovKemal"]
[Black "vladislavkovalev"]
[Result "1-0"]
[WhiteElo "2666"]
[BlackElo "2855"]
[TimeControl "180+1"]
[EndTime "8:29:17 PDT"]
[Termination "BashirovKemal won on time"]

1. d4 Nf6 2. c4 e6 3. Nf3 Bb4+ 4. Bd2 Qe7 5. a3 Bxd2+ 6. Nbxd2 d5 7. e3 O-O 8. Bd3 b6 9. O-O Bb7 10. Rc1 c5 11.
dxc5 bxc5 12. cxd5 exd5 13. Bb1 Nbd7 14. Re1 Rab8 15.
Qc2 Rfc8 16. h3 Nf8 17. Nf1 Ne6 18. Ng3 g6 19. Qa4 Bc6 20. Qh4 Rxb2 21. Ne5 Kg7 22.
Nxc6 Rxc6 23. e4 d4 24. e5 Nd5 25. Qe4 Qd7 26. Qg4 Kh8 27. h4 Nc3 28. Be4 Rcb6 29.
h5 Qe7 30. hxg6 hxg6 31. f4 Ng7 32. f5 gxf5 33. Nxf5 Nxf5 34. Qxf5 Rh6 35. Qc8+ Kg7 36. Qg4+ Kf8 37. Qc8+ Kg7 38. Qg4+ Rg6 39. Bxg6 fxg6 40. e6 Nd5 41. Qe4 Ne3 42. Qe5+ Qf6 43. Rxe3 dxe3 44.
Qxe3 1-0

[Event "Early-Titled-Tuesday-Blitz-October-03-2023"]
[Site "Chess.com"]
[Date "2023.10.03"]
[Round "3"]
[White "aistrel"]
[Black "MAGMAchess02"]
[Result "1-0"]
[WhiteElo "2568"]
[BlackElo "2353"]
[TimeControl "180+1"]
[EndTime "8:29:17 PDT"]
[Termination "aistrel won by resignation"]

1. d4 Nf6 2. f3 c5 3. d5 e6 4. Nc3 exd5 5. Nxd5 Nc6 6. e4 Be7 7. Bf4 d6 8. Nxe7 Kxe7 9. Bc4 Be6 10. Qe2 Ne5 11.
Bxe6 fxe6 12. Bxe5 dxe5 13. Qb5 Qb6 14. Qxb6 axb6 15.
Ne2 Rhd8 16. Nc3 Rd4 17. b3 Rad8 18. Rd1 g5 19. Ke2 g4 20. Na4 gxf3+ 21. gxf3 Nh5 22.
Rxd4 Nf4+ 23. Ke3 cxd4+ 24. Kd2 b5 25. Nc5 b6 26. Nd3 Nxd3 27. cxd3 Rg8 28. Re1 Kd6 29. Re2 Rg1 30. Re1 Rg2+ 31. Re2 Rg1 32. Re1 Rg7 33. Re2 Kc5 34. Kc2 Rg1 35. Rf2 Kb4 36. Kb2 Rd1 37. Rc2 Rxd3 38. a3+ Ka5 39. Rc8 b4 40. a4 b5 41.
Ra8+ Kb6 42. Rb8+ Kc6 43. Rxb5 Rd2+ 44. Kc1 Rxh2 45. Rxe5 Kd6 46. Rb5 e5 47. Rxb4 Rf2 48.
a5 Rxf3 49. a6 Rf7 50. Ra4 Ra7 51. b4 Kc6 52. Ra5 Kb6 53. Rxe5 Kxa6 54. Ra5+ Kb6 55.
Rxa7 Kxa7 56. Kd2 Kb6 57. Kd3 h5 58. Kxd4 h4 59. Ke3 h3 60. Kf2 h2 61. Kg2 h1=Q+ 62.
Kxh1 Kb5 63. e5 Kxb4 64. e6 Kc5 65. e7 Kd6 66. e8=Q 1-0

[Event "Early-Titled-Tuesday-Blitz-October-03-2023"]
[Site "Chess.com"]
[Date "2023.10.03"]
[Round "3"]
[White "Zhigalko_Sergei"]
[Black "Kirill_Klukin"]
[Result "0-1"]
[WhiteElo "2929"]
[BlackElo "2704"]
[TimeControl "180+1"]
[EndTime "8:29:20 PDT"]
[Termination "Kirill_Klukin won on time"]

1. e4 c5 2. Nf3 g6 3. c3 d5 4. exd5 Qxd5 5. d4 Nf6 6. Na3 Bg7 7.
Bc4 Qe4+ 8. Be3 O-O 9. O-O Bg4 10.
Be2 cxd4 11. cxd4 Nc6 12. h3 Bf5 13. Ng5 Qd5 14. Nb5 Qd7 15. Nc3 h6 16. Nf3 Ne4 17.
Rc1 Rfd8 18. Bb5 Nxc3 19. bxc3 a6 20. Ba4 b5 21. Bb3 Na5 22. Qd2 g5 23. Qe2 Rac8 24. Rfe1 Nc4 25. Nd2 Nd6 26. Nf3 Nc4 27. Nd2 Be6 28. Ne4 Bd5 29. Ng3 Qc6 30. f3 e6 31.
Nh5 Bh8 32. Bf2 Nd6 33. Qd3 Bc4 34. Qd2 Nf5 35. Ng3 Nxg3 36. Bxg3 Qd5 37. Qb2 b4 38.
Kh1 Bxb3 39. axb3 bxc3 40. Qc2 Bxd4 41. Rcd1 Qf5 42. Re4 Bf6 43. Rde1 Rd2 44. Qc1 Rcd8 45. Be5 c2 46. b4 Rd1 47. Qxc2 Rxe1+ 0-1

[Event "Early-Titled-Tuesday-Blitz-October-03-2023"]
[Site "Chess.com"]
[Date "2023.10.03"]
[Round "3"]
[White "stepanosinovsky"]
[Black "masnyszachistaaa"]
[Result "1-0"]
[WhiteElo "2397"]
[BlackElo "2567"]
[TimeControl "180+1"]
[EndTime "8:29:20 PDT"]
[Termination "stepanosinovsky won by checkmate"]

1. e4 c5 2. Nf3 e6 3. d3 d5 4.
Nbd2 Nc6 5. g3 Bd6 6. Bg2 Nge7 7.
O-O O-O 8. Re1 b5 9. h4 b4 10.
h5 h6 11. e5 Bc7 12. Nf1 Nf5 13. Bf4 a5 14. Qd2 Re8 15. N1h2 Ncd4 16. Nxd4 cxd4 17. g4 Nh4 18. Bh1 f6 19. exf6 Bxf4 20. Qxf4 Qxf6 21. Qxf6 gxf6 22. f4 f5 23. Kf2 fxg4 24. Nxg4 Kh7 25.
Bxd5 Ra7 26. Be4+ Kg7 27. Kg3 Bd7 28. Kxh4 Raa8 29. Ne5 Bb5 30. Rg1+ Kh8 31. Rg6 Re7 32. Rag1 Rg7 33. Rxh6+ Kg8 34. Rxg7+ Kxg7 35. Rh7+ Kf8 36. Rh8+ Ke7 37. Rxa8 a4 38. Ra7+ Kd6 39. Rb7 a3 40. bxa3 bxa3 41. Rxb5 Ke7 42. Rb7+ Kd6 43. Rd7+ Kc5 44.
h6 Kb6 45. Rd6+ Kc5 46. Rxe6 Kb4 47. Rc6 Kb5 48. Rc4 Kb6 49. h7 Kb5 50. h8=Q Kb6 51. Qb8+ Ka6 52. Qa8+ Kb5 53. Qb7+ Ka5 54. Qa7+ Kb5 55. Bc6# 1-0

[Event "Early-Titled-Tuesday-Blitz-October-03-2023"]
[Site "Chess.com"]
[Date "2023.10.03"]
[Round "3"]
[White "Henryk_S"]
[Black "BJthechessgod"]
[Result "0-1"]
[WhiteElo "2140"]
[BlackElo "2359"]
[TimeControl "180+1"]
[EndTime "8:29:20 PDT"]
[Termination "BJthechessgod won by checkmate"]

1. e4 c5 2. Nf3 e6 3. c3 Nf6 4. e5 Nd5 5. d4 cxd4 6. cxd4 d6 7. Bc4 Be7 8. O-O O-O 9. Re1 b6 10. Bd2 Bb7 11. Nc3 Nxc3 12. Bxc3 Nd7 13. Bd3 dxe5 14. dxe5 Nc5 15. Be2 Rc8 16. Qxd8 Rfxd8 17. Rad1 Ne4 18. Rxd8+ Rxd8 19. Bd4 Bc5 20. Bxc5 Nxc5 21. Rd1 Rxd1+ 22. Bxd1 Nd3 23. Be2 Nxb2 24. Nd4 Bd5 25. a3 Nc4 26. Nb5 Nxe5 27. Nxa7 Bc4 28. Nc8 Bxe2 29. Nxb6 Nc4 30. Nxc4 Bxc4 31. f3 Kf8 32. Kf2 Ke7 33. Ke3 Kd6 34.
Kd4 Bd5 35. a4 e5+ 36. Kc3 Kc5 37. a5 Bc4 38. f4 exf4 39. a6 Bxa6 40. h4 Bf1 41.
Kd2 Bxg2 42. Ke1 f3 43. Kf2 Kd4 44. h5 Ke4 45. h6 g5 46. Kg1 Ke3 47. Kh2 g4 48.
Kg1 Kf4 49. Kf2 g3+ 50. Kg1 Bh3 51. Kh1 Be6 52. Kg1 f2+ 53. Kg2 Bd5+ 54. Kh3 f1=Q+ 55.
Kh4 Qh1# 0-1

[Event "Early-Titled-Tuesday-Blitz-October-03-2023"]
[Site "Chess.com"]
[Date "2023.10.03"]
[Round "3"]
[White "NaciSAN"]
[Black "Vision_64"]
[Result "1/2-1/2"]
[WhiteElo "2126"]
[BlackElo "2348"]
[TimeControl "180+1"]
[EndTime "8:29:20 PDT"]
[Termination "Game drawn - insufficient material"]

1. e4 e6 2. d3 d5 3. Nd2 e5 4.
Ngf3 Nc6 5. Be2 Nf6 6. O-O Bc5 7.
h3 O-O 8. a3 a6 9. b4 Ba7 10.
Bb2 Re8 11. exd5 Qxd5 12. c4 Qd8 13. c5 Nd5 14. Nc4 f6 15. Re1 Bf5 16. Bf1 Nf4 17.
d4 exd4 18. Rxe8+ Qxe8 19. Nxd4 Rd8 20. Qf3 Qe4 21. Nxc6 Qxf3 22. gxf3 bxc6 23. Kh2 Kf7 24. Re1 g5 25. Na5 Rd2 26. Bc4+ Kg6 27. Bc1 Rxf2+ 28. Kh1 Rxf3 29. Bxf4 Rxf4 30. Rf1 Rxf1+ 31. Bxf1 Bd7 32. Bg2 Kf7 33. Kh2 Ke6 34. Bxc6 f5 35. Bb7 Bb5 36. Nc6 Bxc6 37. Bxc6 a5 38. Kg2 axb4 39. axb4 Ke5 40. Kf3 Kd4 41. Bd7 f4 42. Kg4 Kc4 43. Kxg5 f3 44. Bg4 Kxb4 45. Bxf3 Bxc5 46. Kh6 Be3+ 47.
Kxh7 c5 48. Bd5 c4 49. Bxc4 Kxc4 50. h4 Kd5 51. h5 Ke5 52. h6 Bxh6 1/2-1/2

[Event "Early-Titled-Tuesday-Blitz-October-03-2023"]
[Site "Chess.com"]
[Date "2023.10.03"]
[Round "3"]
[White "DarZay"]
[Black "arminmusovic"]
[Result "1-0"]
[WhiteElo "2219"]
[BlackElo "2507"]
[TimeControl "180+1"]
[EndTime "8:29:21 PDT"]
[Termination "DarZay won by checkmate"]

1. e4 c6 2. d4 d5 3. Nc3 dxe4 4. Nxe4 Nf6 5. Nxf6+ exf6 6. c3 Bd6 7. Bd3 O-O 8.
Qc2 Re8+ 9. Be3 Kh8 10. O-O-O Nd7 11. Kb1 Nf8 12. Nf3 Qc7 13. h4 Bg4 14. Rde1 c5 15.
dxc5 Bxc5 16. Nd4 a6 17. f3 Bd7 18. g4 Re7 19. g5 Rae8 20. Qf2 f5 21. Bd2 Rxe1+ 22.
Rxe1 Rxe1+ 23. Qxe1 Qh2 24. Nxf5 Be6 25. f4 Bf2 26.
Qe5 Bxf5 27. Qxf5 b5 28. Qxf7 Bc5 29. Be3 Qh1+ 30. Kc2 Qg2+ 31. Kb3 Qc6 32. Bd4 Qe6+ 33. Qxe6 Nxe6 34. Bxc5 Nxc5+ 35. Kc2 g6 36. b4 Ne6 37. f5 Nf4 38. fxg6 hxg6 39. a4 bxa4 40. Bxa6 Kg7 41. Bb5 a3 42. Kb3 Ng2 43. Kxa3 Nxh4 44. c4 Kf7 45. c5 Ke7 46. Bd3 Nf3 47. Bxg6 Nxg5 48.
Bd3 Kd7 49. b5 Kc7 50. Kb4 Ne6 51. b6+ Kb8 52. c6 Kc8 53. Bf5 Kb8 54. Bxe6 Ka8 55. Kc5 Kb8 56. c7+ Kb7 57. c8=Q# 1-0

[Event "Early-Titled-Tuesday-Blitz-October-03-2023"]
[Site "Chess.com"]
[Date "2023.10.03"]
[Round "3"]
[White "GMBenjaminBok"]
[Black "zverr1"]
[Result "1-0"]
[WhiteElo "2991"]
[BlackElo "2508"]
[TimeControl "180+1"]
[EndTime "8:29:23 PDT"]
[Termination "GMBenjaminBok won on time"]

1. d4 Nf6 2. c4 g6 3. g3 c6 4. Nf3 Bg7 5. Bg2 O-O 6. O-O d5 7.
b3 a5 8. Nc3 Bf5 9. Bb2 Ne4 10.
e3 Nxc3 11. Bxc3 Be4 12. Qe2 a4 13. Rfc1 Nd7 14. Bf1 axb3 15. axb3 Qb6 16. Nd2 Bf5 17. cxd5 cxd5 18. Qb5 Qxb5 19. Bxb5 Rfc8 20. Rxa8 Rxa8 21. Bb4 e5 22. Rc7 Nf8 23. dxe5 Bxe5 24. Rxb7 d4 25. Bc5 dxe3 26. Bxe3 Bh3 27. Ra7 Rc8 28. Bc4 Ne6 29. Nf3 Rd8 30. Be2 Bf6 31. Bh6 Rc8 32. Bf1 Bg4 33. Kg2 Bg7 34. Be3 Bf5 35. Nd2 Bf6 36. h3 Rb8 37. Bc4 Kf8 38. g4 Bc2 39. b4 Bd4 40.
Bxd4 Nxd4 41. Rxf7+ Ke8 42. Rxh7 Rxb4 43. Bd5 Ne2 44.
Bf3 Nf4+ 45. Kg3 g5 46. Rg7 1-0

[Event "Early-Titled-Tuesday-Blitz-October-03-2023"]
[Site "Chess.com"]
[Date "2023.10.03"]
[Round "3"]
[White "karinachess1"]
[Black "temus_galaktionov"]
[Result "1/2-1/2"]
[WhiteElo "2644"]
[BlackElo "2852"]
[TimeControl "180+1"]
[EndTime "8:29:24 PDT"]
[Termination "Game drawn - insufficient material"]

1. d4 c6 2. c4 g6 3. Nf3 d6 4.
Nc3 Bg7 5. g3 Nd7 6. Bg2 Ngf6 7.
O-O O-O 8. e4 e5 9. h3 a5 10.
Be3 exd4 11. Nxd4 Nc5 12. Qc2 a4 13. Rfe1 Re8 14. f4 h5 15. Bf2 Qa5 16. Rad1 Qb4 17.
a3 Qa5 18. Nf3 Bf8 19. Bd4 Nh7 20. f5 Nb3 21. fxg6 fxg6 22. Bf2 Ng5 23. Nh4 Nxh3+ 24. Bxh3 Bxh3 25. e5 Re6 26. exd6 Rxe1+ 27. Rxe1 Bf5 28.
Nxf5 Qxf5 29. Qxf5 gxf5 30. c5 Kf7 31. Kg2 b6 32. cxb6 Bxd6 33. Rd1 Ke6 34. Kf3 c5 35.
Nb5 Be5 36. Re1 Kd5 37. Be3 Rb8 38. Bf4 Bxf4 39. Kxf4 Rxb6 40. Nc3+ Kc4 41. Nxa4 Rg6 42. Nc3 Nd4 43. Rh1 Rg4+ 44. Ke5 Rxg3 45. Rxh5 Rg2 46. Nd1 Re2+ 47. Kf4 Re4+ 48. Kg3 Kd3 49. Nf2+ Ke3 50.
Nxe4 Kxe4 51. Kf2 Kd3 52. Rh3+ Kc2 53. a4 Kxb2 54. a5 c4 55. a6 Nb5 56. Rh5 c3 57. Rxf5 Na7 58. Rc5 c2 59. Rc7 c1=Q 60. Rxc1 Kxc1 61.
Ke3 Kb2 62. Kd4 Kb3 63. Kc5 Ka4 64. Kb6 Nb5 65. a7 Nxa7 1/2-1/2

[Event "Early-Titled-Tuesday-Blitz-October-03-2023"]
[Site "Chess.com"]
[Date "2023.10.03"]
[Round "3"]
[White "igorkovalenko"]
[Black "twofoxniel"]
[Result "1/2-1/2"]
[WhiteElo "2859"]
[BlackElo "2607"]
[TimeControl "180+1"]
[EndTime "8:29:24 PDT"]
[Termination "Game drawn by repetition"]

1. c4 c6 2. Nc3 d5 3. Nf3 Nf6 4. e3 a6 5. Qc2 g6 6. d4 Bg7 7. Bd3 O-O 8. b3 b5 9. c5 Nbd7 10. b4 Re8 11. Bb2 e5 12. dxe5 Ng4 13. Nd4 Ndxe5 14. O-O-O Nxd3+ 15. Rxd3 Bd7 16. a3 a5 17. Rd2 Ne5 18. Rhd1 Nc4 19. Rd3 Qc7 20. h3 Ra6 21. g4 axb4 22. axb4 Rea8 23. Qb3 Qh2 24.
Qc2 Qxh3 25. f3 Bh6 26. Qf2 Bxg4 27. fxg4 Bxe3+ 28. Rxe3 Nxe3 29. Re1 Nc4 30. Nc2 Qh6+ 31. g5 Qxg5+ 32. Ne3 Re8 33. Nd1 Ra2 34. Kb1 Rxb2+ 35. Nxb2 Rxe3 36. Nxc4 Rxe1+ 37. Qxe1 dxc4 38. Qe8+ Kg7 39.
Qxc6 Qd2 40. Qc7 Qxb4+ 41. Kc2 Qb3+ 42. Kc1 Qc3+ 43. Kd1 b4 44. c6 b3 45. Qb6 b2 46.
c7 Qc1+ 47. Ke2 b1=Q 48. Qd4+ Kh6 49. Qh4+ Kg7 50. Qd4+ f6 51. Qd7+ Kh6 52. Qh3+ Kg5 53. Qg3+ Kh5 54. Qh3+ Kg5 55. Qg3+ Kh6 56. Qh3+ Kg7 57.
Qd7+ Kh6 58. Qh3+ 1/2-1/2

[Event "Early-Titled-Tuesday-Blitz-October-03-2023"]
[Site "Chess.com"]
[Date "2023.10.03"]
[Round "3"]
[White "vladgoncharov"]
[Black "KVAIDAN"]
[Result "1-0"]
[WhiteElo "2527"]
[BlackElo "2259"]
[TimeControl "180+1"]
[EndTime "8:29:24 PDT"]
[Termination "vladgoncharov won by checkmate"]

1. d4 e6 2. c4 f5 3. Nc3 Nf6 4. Nf3 d6 5. g3 Be7 6. Bg2 O-O 7. O-O a5 8. Re1 Ne4 9. Qc2 Nxc3 10. bxc3 Nc6 11. e4 e5 12. dxe5 dxe5 13. Rb1 Bc5 14.
Rb5 fxe4 15. Rxc5 exf3 16. Bf1 Qd6 17. Rd5 Qf6 18. Ba3 Re8 19. Qe4 Be6 20. Rb5 Rab8 21. Bc1 Bd7 22. h4 h6 23. Kh2 Re7 24. Bh3 Bxh3 25. Kxh3 b6 26. Kh2 Rbe8 27. c5 Na7 28. Rb1 b5 29. c4 c6 30. cxb5 Nxb5 31. a4 Nd4 32. Be3 Ne2 33. Rb6 Re6 34. Ra6 Nc3 35.
Qc4 Nd5 36. Rxa5 e4 37. Ra7 Kh7 38. Qc2 Qf5 39. a5 Rg6 40. a6 Rb8 41. Rb7 Ra8 42.
a7 Qc8 43. Qb2 Qg4 44. Qe5 Nf6 45. Qb8 Nh5 46. Rg1 Rxa7 47. Rxa7 Qe6 48. Qd6 Qc4 49. g4 Rxd6 50. cxd6 Nf6 51. g5 Nh5 52. g6+ Kh8 53. Ra8+ Qg8 54. Rxg8+ Kxg8 55. d7 Kf8 56. d8=Q# 1-0

[Event "Early-Titled-Tuesday-Blitz-October-03-2023"]
[Site "Chess.com"]
[Date "2023.10.03"]
[Round "3"]
[White "Mr_Lion22"]
[Black "C_K_G"]
[Result "0-1"]
[WhiteElo "2494"]
[BlackElo "1888"]
[TimeControl "180+1"]
[EndTime "8:29:24 PDT"]
[Termination "C_K_G won on time"]

1. d4 d5 2. c4 e6 3. Nc3 Nf6 4. cxd5 exd5 5. Bg5 Be7 6. e3 O-O 7. Bd3 b6 8. Qc2 h6 9. Bh4 Bb7 10. Nf3 c5 11. O-O Nc6 12. dxc5 bxc5 13. a3 d4 14. Bxf6 Bxf6 15. Ne4 dxe3 16. fxe3 Ne5 17. Nxe5 Bxe5 18. Nxc5 Qh4 19. g3 Bxg3 20. Nxb7 Rac8 21. hxg3 Qxg3+ 22. Qg2 Qxe3+ 23. Kh1 Qxd3 24. Rg1 Qd4 25. Rad1 Qh4+ 26. Qh2 Qe4+ 27. Qg2 Qh4+ 28. Qh2 Qe4+ 29. Rg2 Qxb7 30. Qe5 g6 31. Qf4 Rc2 32. Rg1 Rxg2 33. Rxg2 Kh7 34. Kh2 Qb6 35. Re2 Rd8 36. Re7 Qxb2+ 37. Kh3 Rd3+ 38.
Kh4 Rd4 0-1

[Event "Early-Titled-Tuesday-Blitz-October-03-2023"]
[Site "Chess.com"]
[Date "2023.10.03"]
[Round "3"]
[White "Ergali_Suleimen"]
[Black "Leonid_Starozhilov"]
[Result "1-0"]
[WhiteElo "2520"]
[BlackElo "2747"]
[TimeControl "180+1"]
[EndTime "8:29:25 PDT"]
[Termination "Ergali_Suleimen won on time"]

1. e4 g6 2. d4 Bg7 3. f4 d6 4.
Nf3 Nf6 5. Nc3 O-O 6. e5 dxe5 7.
fxe5 Nd5 8. Bc4 Nxc3 9. bxc3 c5 10. O-O Bg4 11. h3 Bxf3 12. Qxf3 Nc6 13. Bxf7+ Kh8 14.
Be3 cxd4 15. cxd4 Nxd4 16. Qxb7 Nf5 17. Rxf5 gxf5 18. Bb3 f4 19. Bf2 f3 20. gxf3 Bxe5 21. Re1 Bf6 22. Qe4 Qd2 23. Re2 Qg5+ 24. Kh1 Rad8 25.
h4 Rd1+ 26. Kh2 Qc1 27. f4 Rd2 28. Qe3 Rfd8 29. Rxd2 Qxd2 30. Kg3 Qxe3+ 31. Bxe3 Bd4 32. Bc1 Kg7 33. Kf3 Kf6 34. Ba3 Bc3 35. Bc5 a5 36. a4 Rd1 37. Be3 Rh1 38. Kg4 e6 39.
Bf2 Rd1 40. Kf3 h5 41. Be3 Rd8 42. Bc4 Rg8 43. Ke4 Be1 44. Be2 1-0

[Event "Early-Titled-Tuesday-Blitz-October-03-2023"]
[Site "Chess.com"]
[Date "2023.10.03"]
[Round "3"]
[White "ama18"]
[Black "EvgenyBurmakin"]
[Result "1-0"]
[WhiteElo "2546"]
[BlackElo "2335"]
[TimeControl "180+1"]
[EndTime "8:29:25 PDT"]
[Termination "ama18 won by resignation"]

1. e4 c5 2. Nf3 d6 3. d4 cxd4 4. Nxd4 Nf6 5. Nc3 e6 6. g4 Nc6 7.
Rg1 Be7 8. Be3 a6 9. Be2 Qc7 10. Qd2 b5 11. g5 Nd7 12. Nxc6 Qxc6 13. Qd4 O-O 14. O-O-O Bb7 15. f3 Rfd8 16. h4 Rac8 17. Rd2 Ne5 18. h5 Nc4 19. g6 Bf6 20. gxh7+ Kh8 21.
Qd3 Nxb2 22. Kxb2 Qxc3+ 23. Qxc3 Bxc3+ 24. Kb1 Bxd2 25. Bxd2 d5 26. e5 Kxh7 27. Bd3+ Kh8 28. Bg5 Rd7 29. h6 g6 30. h7 f5 31. Bf6+ Rg7 32.
Rxg6 Rc7 33. Kb2 Kxh7 34. Bxg7 Rxg7 35. Rxe6 Rf7 36. Rd6 Kg7 37. e6 Rf6 38. Rd7+ Kg6 39. Rxb7 Rxe6 40. Rd7 Re5 41. f4 Re3 42. Rxd5 Kf6 43.
Rxf5+ Ke6 44. Rh5 Rf3 45. Rh6+ Kf7 46. Rxa6 Rxf4 47. Kb3 b4 48. Rb6 Ke7 49. Rxb4 Rf6 50. a4 Kd7 51. a5 Kc7 52. Ka4 1-0

[Event "Early-Titled-Tuesday-Blitz-October-03-2023"]
[Site "Chess.com"]
[Date "2023.10.03"]
[Round "3"]
[White "Alexandr_Predke"]
[Black "Bilan_Danila"]
[Result "1-0"]
[WhiteElo "2855"]
[BlackElo "2503"]
[TimeControl "180+1"]
[EndTime "8:29:30 PDT"]
[Termination "Alexandr_Predke won by resignation"]

1. d4 d5 2. Nf3 Nf6 3. c3 Bf5 4. Qb3 Qc8 5. Bf4 e6 6. Nbd2 h6 7. h3 Be7 8. e3 O-O 9. Be2 c5 10. g4 Bh7 11. g5 hxg5 12. Bxg5 Nc6 13. Rg1 Ne4 14. Nxe4 Bxe4 15. dxc5 Bxf3 16. Bxf3 Bxg5 17.
Rxg5 Qd8 18. Rg3 Ne5 19. Be2 Rc8 20. Qb4 Nd7 21. Qd4 Qf6 22. Rf3 Qe7 23. Rg3 Qf6 24.
b4 b6 25. cxb6 axb6 26. Kd2 g6 27. Qxf6 Nxf6 28. f3 Rc7 29. a4 Rfc8 30. Ra3 Nd7 31. h4 Kf8 32. h5 gxh5 33. Rh3 Ke7 34. Rxh5 Rg8 35. Rh2 Rgc8 36. f4 Nf6 37. Bd3 Nd7 38. Kc2 Nb8 39. Kb2 Nd7 40. Rc2 Nf6 41. Rg2 Nd7 42.
Be2 Nf6 43. Bf3 Rh8 44. a5 bxa5 45. Rxa5 Rh3 46. Rf2 Ne4 47. Bxe4 dxe4 48. Re2 Rh1 49. Ra3 f5 50. Rb3 Rc1 51. Kxc1 1-0

[Event "Early-Titled-Tuesday-Blitz-October-03-2023"]
[Site "Chess.com"]
[Date "2023.10.03"]
[Round "3"]
[White "TokChess"]
[Black "Darko-Dimitrijevic"]
[Result "0-1"]
[WhiteElo "2498"]
[BlackElo "2207"]
[TimeControl "180+1"]
[EndTime "8:29:30 PDT"]
[Termination "Darko-Dimitrijevic won by resignation"]

1. e4 d6 2. Nf3 Nf6 3. Nc3 c6 4. a4 Qa5 5. h3 e5 6. Bc4 Be7 7. O-O O-O 8. d4 Nbd7 9. Bg5 Re8 10.
Re1 a6 11. Bh4 h6 12. Bb3 Nf8 13. Qd2 Qc7 14. Rad1 Ng6 15. Bg3 b5 16. Nh4 Nxh4 17.
Bxh4 b4 18. Na2 a5 19. Bg3 Ba6 20. Nc1 c5 21. dxe5 dxe5 22. Bd5 Rad8 23. Qe3 Nxd5 24. exd5 Bd6 25. Qf3 Qd7 26. b3 f5 27. Bh2 c4 28.
bxc4 Bxc4 29. Nb3 Qxa4 30. Ra1 Qd7 31. Nxa5 e4 32. Qe3 Bxh2+ 33. Kxh2 Qxd5 34. Red1 Qe5+ 35. Kg1 Bf7 36. Nc6 Rxd1+ 37. Rxd1 Qb5 38. Nd4 Qc5 39. Qf4 Rd8 40. Qe3 Qc3 41. h4 Qc5 42. Rd2 Bc4 43. g3 Kh7 44. Kg2 Ba6 45. Kg1 Bc4 46. Kh2 Ba6 47. Kg2 Bc4 48. Kg1 Ba6 49. Kg2 Bb7 50. Ne6 Qxe3 51. fxe3 Rxd2+ 0-1